 Dungeon Crawl Stone Soup version 0.28-a0-620-g539b0f7ac7 (webtiles) character file.

Game seed: 13025849569200380502

303 mordus the Chopper (level 6, -8/51 HPs)
             Began as a Hill Orc Monk on Oct 6, 2021.
             Mangled by an ogre (10 damage)
             ... on level 4 of the Dungeon.
             The game lasted 00:06:13 (4636 turns).

mordus the Chopper (Hill Orc Monk)                  Turns: 4636, Time: 00:06:14

Health: -8/51      AC:  5    Str: 16    XL:     6   Next: 38%
Magic:  6/6        EV: 11    Int: 10    God:
Gold:   126        SH:  0    Dex: 13    Spells: 5/5 levels left

rFire   . . .      SeeInvis .   a - +0 hand axe
rCold   . . .      Faith    .   (no shield)
rNeg    . . .      Spirit   .   d - +0 ring mail
rPois   .          Reflect  .   (no helmet)
rElec   .          Harm     .   (no cloak)
rCorr   .          Rampage  .   (no gloves)
Will    +....                   (no boots)
Stlth   +.........              (no amulet)
HPRegen 0.17/turn               g - ring of willpower
MPRegen 0.10/turn               (no ring)

@: no status effects
A: no striking features
a: no special abilities


You were on level 4 of the Dungeon.
You visited 1 branch of the dungeon, and saw 4 of its levels.

You collected 148 gold pieces.
You spent 22 gold pieces at shops.

Inventory:

Hand Weapons
 a - a +0 hand axe (weapon)
Armour
 b - a +0 robe
 d - a +0 ring mail (worn)
Jewellery
 g - a ring of willpower (left hand)
 o - a ring of fire
Scrolls
 e - 4 scrolls of identify {unknown}
 f - a scroll of brand weapon {unknown}
 h - a scroll of enchant weapon {unknown}
 i - a scroll of vulnerability {unknown}
 j - a scroll of acquirement {unknown}
 k - a scroll of teleportation {unknown}
 p - a scroll of amnesia {unknown}
Potions
 c - a potion of berserk rage {unknown}
 l - a potion of heal wounds {unknown}
 m - 2 potions of curing {unknown}
 n - a potion of magic {unknown}


   Skills:
 - Level 3.6 Fighting
 * Level 7.9 Axes
 + Level 3.6 Armour
 - Level 2.4 Dodging
 - Level 1.5 Stealth


You had 5 spell levels left.
You didn't know any spells.
Your spell library contained the following spells:

 Spells                   Type           Power      Damage    Failure   Level
 Apportation              Tloc           0%         N/A       56%         1
 Slow                     Hex            0%         N/A       71%         2
 Confusing Touch          Hex            0%         N/A       90%         3
 Alistair's Intoxication  Tmut/Pois      0%         N/A       100%        5
 Freezing Cloud           Conj/Ice/Air   0%         6-21      100%        5
 Yara's Violent Unravell  Hex/Tmut       0%         3d3       100%        5
 Invisibility             Hex            0%         N/A       100%        6
 Iron Shot                Conj/Erth      0%         9d1       100%        6


Dungeon Overview and Level Annotations

Branches:
Dungeon (4/15)
 Temple: D:4-7

Altars:
Trog

Shops:
D:2 !


Message History

There is a large open door here.
An ogre comes into view. It is wielding a +0 giant club.
The ogre shouts!
There is a large open door here.
An ogre is nearby!
You barely miss the ogre. The ogre barely misses you.
You hit the ogre.
The ogre is lightly wounded.
You hit the ogre but do no damage.
The ogre is lightly wounded.
The ogre hits you with a +0 giant club!!
You hit the ogre but do no damage. The ogre hits you with a +0 giant club!
You are too injured to fight recklessly!
You are too injured to fight recklessly!
You are too injured to fight recklessly!
You slash the ogre!
The ogre is moderately wounded.
You hit the ogre.
The ogre is moderately wounded.
The ogre barely misses you.
You hit the ogre but do no damage.
The ogre is moderately wounded.
The ogre closely misses you.
You closely miss the ogre.
The ogre is moderately wounded.
There is a large open door here.
There is a large open door here.
You hit the ogre but do no damage.
The ogre is moderately wounded.
The ogre closely misses you.
You slash the ogre!
The ogre is heavily wounded.
The ogre hits you with a +0 giant club!!
* * * LOW HITPOINT WARNING * * *
You hit the ogre.
The ogre is heavily wounded.
You hit the ogre.
The ogre is severely wounded.
The ogre hits you with a +0 giant club!
You die...

........# #...#
........####...#
........##.....#
........##.....#
........''.....+
..>####
........##.....#
#[....#
........##.....#
#.....#
........##.##.##
###..... ##
##########.O@..#
#..... .# #.##..#
#...###+##.#
#.###.###...##......
#.###........'......
#...........##......
#.####..............
..# #.##..........#
### #.......##.####
##[........####


You could see an ogre.

Vanquished Creatures
  A bullfrog skeleton (D:3)
  An iguana (D:4)
  Natasha (thrice) (D:2)
  An orc wizard (D:4)
  7 adders
  2 worms (D:2)
  2 dart slugs
  3 orcs (D:4)
  9 endoplasms
  6 giant cockroaches
  7 goblins
  4 hobgoblins
  3 jackals (D:1)
  4 kobolds
  4 quokkas
  6 ball pythons
  5 bats
  4 frilled lizards
  8 rats
80 creatures vanquished.

Vanquished Creatures (others)
  3 fungi (D:2)
  2 plants (D:2)
5 creatures vanquished.

Grand Total: 85 creatures vanquished

Notes
Turn   | Place    | Note
-------+----------+-------------------------------------------
     0 | D:1      | mordus the Hill Orc Monk began the quest for the Orb.
     0 | D:1      | Reached XP level 1. HP: 19/19 MP: 1/1
   360 | D:1      | Reached XP level 2. HP: 22/26 MP: 2/2
   495 | D:1      | Reached skill level 1 in Armour
   810 | D:1      | Reached skill level 5 in Axes
   810 | D:1      | Reached XP level 3. HP: 22/31 MP: 3/3
  1077 | D:1      | Got Jaitzer's Reference Book on Feathery Arcane Weapons
  1528 | D:2      | Reached XP level 4. HP: 19/39 MP: 4/4
  1715 | D:2      | Found a faded altar of an unknown god.
  2058 | D:2      | Noticed Natasha
  2069 | D:2      | Killed Natasha
  2070 | D:2      | Reached skill level 6 in Axes
  2074 | D:2      | Noticed Natasha
  2087 | D:2      | Killed Natasha
  2088 | D:2      | Reached XP level 5. HP: 14/45 MP: 5/5
  2523 | D:2      | Noticed Natasha
  2535 | D:2      | Killed Natasha
  2706 | D:2      | Found Fahirag's Distillery.
  2732 | D:2      | Bought 2 potions of degeneration for 22 gold pieces
  3216 | D:3      | Reached skill level 7 in Axes
  3918 | D:3      | Reached XP level 6. HP: 51/51 MP: 6/6
  4249 | D:4      | Found a bloodstained altar of Trog.
  4634 | D:4      | HP: 2/51 [ogre (18)]
  4636 | D:4      | Mangled by an ogre

Illustrated notes

Levels and vault maps discovered:
D:1:      enne_arrival_octagon_isle, layout_loops_cross
D:2:      layout_loops_corners, shapermc_ecumenical_altar_mp_urbaneastern,
          serial_shops, shop, st_stairs_4, uniq_natasha
D:3:      layout_basic, serial_corexii_hall, chequers_hall_statues_wall_a,
          corexii_hall_statues_i, kennysheep_generic_room_12
D:4:      layout_basic, makhleb_blood_cavern_becter, lemuel_tele_altar

Skill      XL: |  1  2  3  4  5 |
---------------+----------------+-----
Armour         | 1 2 3 |  3.6
Axes           | 5 6 7 |  7.9
Fighting       | |  3.6
Dodging        | |  2.4
Stealth        | |  1.5

Action                   |  1- 3 |  4- 6 || total
-------------------------+-------+-------++-------
Melee: Hand axe          |   127 |   205 ||   332
 Stab: Sleeping          |       |     1 ||     1
Armor: Robe              |     1 |       ||     1
       Ring mail         |    48 |    37 ||    85
Dodge: Dodged            |    81 |    96 ||   177

Table legend: (Time is in decaauts)
 A = Elapsed time spent in this place.
 B = Non-inter-level travel time spent in this place.
 C = Inter-level travel time spent in this place.
 D = Time resting spent in this place.
 E = Time spent auto-exploring this place.
 F = Levels seen in this place.
 G = Mean time per level.
                   A        B        C        D        E       F      G
               +--------+--------+--------+--------+--------+-----+--------+
         Total |   4634 |   4510 |    124 |   1106 |   2736 |   4 | 1158.5 |
       Dungeon |   4634 |   4510 |    124 |   1106 |   2736 |   4 | 1158.5 |
               +--------+--------+--------+--------+--------+-----+--------+

Top non-repeatable levels by time:
     D:2: 1756 daAuts
     D:1: 1352 daAuts
     D:3: 1087 daAuts
     D:4: 437 daAuts
